 Dungeon Crawl Stone Soup version 0.27-a0-59-gfbafd837a3 (webtiles) character file.

Game seed: 7743951661439238377

181 Borgoz the Ruffian (level 5, 0/45 HPs)
             Began as a Ghoul Gladiator on Jan 8, 2021.
             Slain by a centaur (4 damage)
             ... on level 3 of the Dungeon.
             The game lasted 00:02:48 (2593 turns).

Borgoz the Ruffian (Ghoul Gladiator)                Turns: 2593, Time: 00:02:49

Health: 0/45       AC:  4    Str: 18    XL:     5   Next: 61%
Magic:  4/4        EV: 13    Int:  3    God:
Gold:   132        SH:  0    Dex: 11    Spells: 4/4 levels left

rFire    . . .     SeeInvis .     - Unarmed
rCold    + . .     Faith    .   (no shield)
rNeg     + + +     Spirit   .   a - +0 leather armour
rPois    ∞         Reflect  .   l - +0 helmet
rElec    .         Harm     .   (no cloak)
rCorr    .         Rampage  .   (no gloves)
Will     .....                  (no boots)
Stlth    +.........             (no amulet)
HPRegen  0.00/turn              (no ring)
MPRegen  0.09/turn              (no ring)

@: no status effects
A: claws 1, cold resistance 1, negative energy resistance 3, inhibited
regeneration, torment resistance, unbreathing
a: no special abilities


You were on level 3 of the Dungeon.
You visited 1 branch of the dungeon, and saw 3 of its levels.

You collected 132 gold pieces.

Inventory:

Missiles
 c - 2 throwing nets (quivered)
Armour
 a - a +0 leather armour (worn)
 l - a +0 helmet (worn)
Scrolls
 b - a scroll of immolation {unknown}
 d - 2 scrolls of enchant armour {unknown}
 e - a scroll of teleportation {unknown}
 f - a scroll of amnesia {unknown}
 h - a scroll of remove curse {unknown}
 j - 3 scrolls of identify {unknown}
Potions
 g - 4 potions of curing {unknown}
 i - 2 potions of magic {unknown}
 k - a potion of invisibility {unknown}
 m - a potion of heal wounds {unknown}


   Skills:
 + Level 3.2 Fighting
 - Level 1.8 Throwing
 + Level 1.4 Armour
 * Level 3.8 Dodging
 * Level 4.7 Unarmed Combat


You had 4 spell levels left.
You didn't know any spells.
Your spell library was empty.

Dungeon Overview and Level Annotations

Branches:
Dungeon (3/15)

Altars:


Innate Abilities, Weirdness & Mutations

You thrive by killing the living.
You are immune to poison.
You have sharp fingernails.
Your flesh is cold resistant. (rC+)
You are immune to negative energy. (rN+++)
You do not regenerate when monsters are visible.
You are immune to unholy pain and torment.
You can survive without breathing.


Message History

The centaur is moderately wounded.
The centaur completely misses you. The giant cockroach closely misses you.
The centaur barely misses you.
You closely miss the centaur.
The centaur is moderately wounded.
The centaur barely misses you. The giant cockroach barely misses you.
You scratch the centaur.
The centaur is heavily wounded.
The centaur hits you.
* * * LOW HITPOINT WARNING * * *
The giant cockroach misses you.
Throw: 3 throwing nets
Press: ? - help, Q - select action Shift-Dir - straight line, f - centaur
Aim: a centaur, quivering 17 arrows (heavily wounded)
You throw a throwing net.
The throwing net barely misses the centaur.
The centaur hits you but does no damage.
The giant cockroach bites you but does no damage.
The centaur hits you.
You die...

# #. #.. ####.########+#
..............##########
..............#.........
(.....c@......#.#######.
...#...B(.....#.# #.
............$.#.# #.
..........(...#.# #.
#..........(.(#.# #.
##..........(##.# #.
.....#####...(..#######.
.............####.......
............# #.######


You could see a centaur and a giant cockroach.

Vanquished Creatures
  Robin (D:3)
  10 adders
  An ooze (D:1)
  2 worms (D:2)
  A dart slug (D:1)
  3 leopard geckos
  An orc (D:3)
  10 bats
  A giant cockroach (D:1)
  13 goblins
  10 hobgoblins
  2 jackals (D:3)
  4 quokkas
  A frilled lizard (D:1)
  3 kobolds (D:2)
  4 rats
67 creatures vanquished.

Notes
Turn   | Place    | Note
-------+----------+-------------------------------------------
     0 | D:1      | Borgoz the Ghoul Gladiator began the quest for the Orb.
     0 | D:1      | Reached XP level 1. HP: 17/17 MP: 0/0
    84 | D:1      | Reached XP level 2. HP: 25/25 MP: 1/1
   509 | D:1      | Reached XP level 3. HP: 29/30 MP: 2/2
  1044 | D:2      | Reached skill level 4 in Unarmed Combat
  1071 | D:2      | Reached XP level 4. HP: 21/37 MP: 3/3
  1076 | D:2      | Reached skill level 1 in Armour
  1838 | D:2      | Reached XP level 5. HP: 45/45 MP: 4/4
  2164 | D:3      | Noticed Robin
  2187 | D:3      | Killed Robin
  2579 | D:3      | Noticed a centaur
  2593 | D:3      | Slain by a centaur

Illustrated notes

Levels and vault maps discovered:
D:1:      ncdulo_watergridlock, layout_basic
D:2:      layout_loops_cross
D:3:      layout_basic, uniq_robin

Skill      XL: |  1  2  3  4 |
---------------+-------------+-----
Dodging        | 3 |  3.8
Unarmed Combat | 4 |  4.7
Armour         | 1 |  1.4
Fighting       | 3 |  3.2
Throwing       | |  1.8

Action                   |  1- 3 |  4- 6 || total
-------------------------+-------+-------++-------
Melee: Unarmed           |    90 |   154 ||   244
       Punch             |     2 |     2 ||     4
Throw: Throwing net      |       |     1 ||     1
Armor: Leather armour    |    34 |    41 ||    75
Dodge: Dodged            |    62 |   119 ||   181

Table legend: (Time is in decaauts)
 A = Elapsed time spent in this place.
 B = Non-inter-level travel time spent in this place.
 C = Inter-level travel time spent in this place.
 D = Time resting spent in this place.
 E = Time spent auto-exploring this place.
 F = Levels seen in this place.
 G = Mean time per level.
                   A        B        C        D        E       F      G
               +--------+--------+--------+--------+--------+-----+--------+
         Total |   2575 |   2454 |    121 |    689 |   1312 |   3 |  858.3 |
       Dungeon |   2575 |   2454 |    121 |    689 |   1312 |   3 |  858.3 |
               +--------+--------+--------+--------+--------+-----+--------+

Top non-repeatable levels by time:
     D:2: 1134 daAuts
     D:1: 904 daAuts
     D:3: 535 daAuts
